 Dungeon Crawl Stone Soup version 0.28-a0-649-g2b6bb2fd11 (webtiles) character file.

Game seed: 3790155025706155371

1337 EnegeticOcto the Changer (level 8, -2/64 HPs)
             Began as a Merfolk Transmuter on Oct 11, 2021.
             Was a Believer of Okawaru.
             Slain by a scorpion (8 damage)
             ... on level 7 of the Dungeon.
             The game lasted 00:13:36 (8930 turns).

EnegeticOcto the Changer (Merfolk Transmuter)       Turns: 8930, Time: 00:13:37

Health: -2/64      AC:  2    Str: 10    XL:     8   Next: 61%
Magic:  8/11       EV: 13    Int: 15    God:    Okawaru [**....]
Gold:   265        SH:  0    Dex: 14    Spells: 7/11 levels left

rFire   . . .      SeeInvis .     - Unarmed
rCold   . . .      Faith    .   (no shield)
rNeg    . . .      Spirit   .   a - +0 robe
rPois   .          Reflect  .   (no helmet)
rElec   .          Harm     .   b - scarf {+Inv}
rCorr   +          Rampage  .   (no gloves)
Will    .....                   (no boots)
Stlth   ++........              (no amulet)
HPRegen 0.20/turn               h - ring of resist corrosion
MPRegen 0.12/turn               (no ring)

@: lethally poisoned (-2 -> -13)
A: (nimble swimmer 2), mertail
a: Renounce Religion, Evoke Invisibility, Heroism


You were on level 7 of the Dungeon.
You worshipped Okawaru.
Okawaru was pleased with you.
You visited 1 branch of the dungeon, and saw 7 of its levels.

You collected 265 gold pieces.

Inventory:

Hand Weapons
 d - a +0 dagger of electrocution
   (You took it off a kobold on level 1 of the Dungeon)
Missiles
 r - 12 poisoned darts (quivered)
Armour
 a - a +0 robe (worn)
 b - a scarf of invisibility (worn)
   (You found it on level 1 of the Dungeon)
Jewellery
 h - a ring of resist corrosion (left hand)
   (You found it on level 1 of the Dungeon)
 l - a ring of wizardry
   (You found it on level 6 of the Dungeon)
Wands
 s - a wand of iceblast (5) {@v2}
   (You found it on level 4 of the Dungeon)
 v - a wand of flame (12) {@v4}
   (You found it on level 7 of the Dungeon)
Scrolls
 c - a scroll of immolation
 e - a scroll of torment
 f - a scroll of holy word {unknown}
 g - 3 scrolls of fear {unknown}
 k - a scroll of teleportation {unknown}
 q - 2 scrolls of enchant armour {unknown}
 u - a scroll of vulnerability {unknown}
Potions
 i - a potion of magic
 j - a potion of brilliance {unknown}
 m - a potion of flight
 n - a potion of cancellation {unknown}
 o - a potion of mutation {unknown}
 p - a potion of curing {@q1 !q}
 t - a potion of degeneration {unknown}


   Skills:
 * Level 5.8 Fighting
 * Level 4.4 Dodging
 - Level 3.0 Stealth
 + Level 5.8 Unarmed Combat
 - Level 2.0 Spellcasting
 - Level 6.0 Transmutations
 - Level 3.0 Poison Magic
 - Level 4.0 Invocations


You had 7 spell levels left.
You knew the following spells:

 Your Spells              Type           Power      Damage    Failure   Level
b - Beastly Appendage     Tmut           38%        N/A       1%          1
c - Spider Form           Tmut/Pois      7%         N/A       11%         3

Your spell library contained the following spells:

 Spells                   Type           Power      Damage    Failure   Level
 Wereblood                Tmut           19%        N/A       2%          2
 Freeze                   Ice            4%         1d3       22%         1
 Frozen Ramparts          Ice            2%         1d2       54%         3
 Ice Form                 Ice/Tmut       10%        N/A       54%         4
 Hailstorm                Conj/Ice       1%         3d3       91%         4


Dungeon Overview and Level Annotations

Branches:
Dungeon (7/15)             Temple (0/1) D:5

Altars:
Kikubaaqudgha
Okawaru
Qazlal
Vehumet
Wu Jian
Xom
Zin

Annotations:
D:2 exclusion: jelly
D:4 exclusions: kobold brigand and 2 more exclusions
D:6 exclusion: steam dragon


Innate Abilities, Weirdness & Mutations

((You are quick and stealthy near water. (Stealth+, EV+, Speed+++)))
Your lower body shifts to a powerful aquatic tail in water.


Message History

Your scarf of invisibility unmelds from your body.
Your +0 robe unmelds from your body.
You become transparent for a moment.
Okay, then.
You start resting.
You are starting to lose your buoyancy.
You start resting.
You float gracefully downwards.
You start resting.
Magic restored.
A wyvern comes into view.
The wyvern moves out of view.
Things that are here:
a +0 dagger; a +0 robe; an orc skeleton
Items here: )) ÷÷.
Things that are here:
a +0 flail; an orc skeleton
Things that are here:
a wand of charming (3); a +0 chain mail
There is a stone staircase leading up here.
HP restored.
You now have 247 gold pieces (gained 12).
You now have 265 gold pieces (gained 18).
Found a robe.
Found an escape hatch in the ceiling.
A wyvern is nearby!
You gain the combat prowess of a mighty hero.
Casting: Spider Form (dangerous; 11% risk of failure)
Confirm with . or Enter, or press ? or * to list all spells.
You turn into a venomous arachnid creature.
Your scarf of invisibility melds into your body.
Your +0 robe melds into your body.
The wyvern hisses angrily.
Aiming: Iceblast
Press: ? - help, Shift-Dir - straight line, f - wyvern
Aim: a wyvern The mass of ice explodes!
The iceblast engulfs the wyvern!
The wyvern is moderately wounded.
Your transformation is almost over.
You hear a loud, deep croak!
A sky beast comes into view.
The wyvern bites you.
You barely miss the wyvern.
The wyvern is moderately wounded.
The wyvern barely misses you.
You hit the wyvern.
The wyvern is poisoned.
The wyvern is heavily wounded.
The wyvern completely misses you.
You bite the wyvern!
The wyvern looks as sick as possible!
The wyvern is almost dead.
You kill the wyvern!
Okawaru accepts your kill.
Your base Dodging skill increases to level 4!
The sky beast flickers out of sight!
Deactivating autopickup; reactivate with Ctrl-A.
Something hits you but does no damage.
You hit something.
A scorpion comes into view.
You hit something. Something hits you. Something shocks you.
You closely miss something. Something hits you. Something shocks you.
You barely miss something. Something misses you.
You miss something.
Your transformation has ended.
Your scarf of invisibility unmelds from your body.
Your +0 robe unmelds from your body.
You become transparent for a moment.
Something hits you. Something shocks you.
You hit the scorpion.
The scorpion is lightly wounded.
The scorpion stings you.
You barely miss the scorpion.
The scorpion is lightly wounded.
Okawaru accepts your kill.
Reactivating autopickup.
You feel a bit more experienced. The scorpion closely misses you.
You punch the scorpion!
The scorpion is heavily wounded.
The scorpion misses you.
You hit the scorpion but do no damage.
The scorpion is heavily wounded.
You feel like a meek peon again. The scorpion stings you.
You hit the scorpion.
The scorpion is severely wounded.
The scorpion stings you.
You closely miss the scorpion.
The scorpion is severely wounded.
The scorpion stings you.
You barely miss the scorpion.
The scorpion is severely wounded.
The scorpion stings you!
* * * LOW HITPOINT WARNING * * *
You hit the scorpion.
The scorpion is severely wounded.
The scorpion stings you.
* * * LOW HITPOINT WARNING * * *
You closely miss the scorpion.
The scorpion is severely wounded.
The scorpion stings you.
* * * LOW HITPOINT WARNING * * *
You are lethally poisoned!
The scorpion poisons you! The scorpion stings you!
You die...

.. .## .. ...#
#.########
#..##..#.....#
...#.<.[..#.#
.................
##.###$†s...#.#......
.......@....#.#......
.#.#..#..#.###.#.....
...##.#..#.# #.#....
#...#......###..[#
#.#$##...#.......#
#.#.##...#.......#
#.#.##...#.......#
#.#.##...#)......#
#####<#.#...)).......#


You could see a scorpion.

Vanquished Creatures
  A wyvern (D:7)
  2 water moccasins
  A sky beast (D:7)
  An ogre (D:6)
  A water moccasin zombie (D:5)
  2 scorpions
  A centaur zombie (D:5)
  2 hounds
  A jelly (D:6)
  A bullfrog skeleton (D:5)
  A bullfrog zombie (D:7)
  2 iguanas
  6 orc wizards
  A killer bee zombie (D:7)
  A howler monkey zombie (D:5)
  A howler monkey skeleton (D:4)
  6 adders
  A shadow imp (D:4)
  An ufetubus (D:4)
  2 worms (D:3)
  A dart slug (D:3)
  25 orcs
  A bat (D:1)
  5 endoplasms
  3 giant cockroaches
  13 goblins
  9 hobgoblins
  6 jackals
  8 kobolds
  2 quokkas
  8 ball pythons
  4 frilled lizards
  5 rats
125 creatures vanquished.

Vanquished Creatures (others)
  An endoplasm (D:3)
1 creature vanquished.

Grand Total: 126 creatures vanquished

Notes
Turn   | Place    | Note
-------+----------+-------------------------------------------
     0 | D:1      | EnegeticOcto the Merfolk Transmuter began the quest for the
                  | Orb.
     0 | D:1      | Reached XP level 1. HP: 15/15 MP: 3/3
    85 | D:1      | Found a faded altar of an unknown god.
   145 | D:1      | Prayed at the altar of an unknown god.
   145 | D:1      | Became a worshipper of Warmaster Okawaru
   145 | D:1      | Reached * piety under Okawaru
   261 | D:1      | Reached skill level 1 in Stealth
   613 | D:1      | Reached XP level 2. HP: 21/21 MP: 0/5
  1399 | D:1      | Reached XP level 3. HP: 10/26 MP: 4/6
  1934 | D:2      | Reached skill level 2 in Stealth
  1956 | D:2      | Reached skill level 1 in Invocations
  2049 | D:2      | Reached skill level 4 in Unarmed Combat
  3109 | D:3      | Reached XP level 4. HP: 28/32 MP: 2/7
  3114 | D:3      | Reached skill level 2 in Invocations
  3239 | D:3      | Found a radiant altar of Vehumet.
  3274 | D:3      | Reached skill level 5 in Unarmed Combat
  3452 | D:3      | Reached XP level 5. HP: 25/37 MP: 8/8
  3607 | D:3      | Learned a level 3 spell: Spider Form
  3747 | D:3      | Found an ornate altar of the Wu Jian Council.
  3763 | D:3      | Reached skill level 2 in Fighting
  4004 | D:3      | Found a glowing silver altar of Zin.
  4462 | D:4      | Reached skill level 3 in Transmutations
  4559 | D:4      | Reached skill level 1 in Poison Magic
  4669 | D:4      | Found a shimmering altar of Xom.
  4992 | D:4      | Found an iron altar of Okawaru.
  4998 | D:4      | Noticed a kobold brigand
  5656 | D:5      | Entered Level 5 of the Dungeon
  5822 | D:5      | Reached XP level 6. HP: 40/44 MP: 7/9
  5872 | D:5      | Reached skill level 2 in Poison Magic
  5883 | D:5      | Reached skill level 4 in Transmutations
  6293 | D:5      | Reached skill level 5 in Transmutations
  6725 | D:5      | Noticed a water moccasin
  6738 | D:5      | Killed a water moccasin
  6739 | D:5      | Reached skill level 3 in Fighting
  6739 | D:5      | Reached skill level 6 in Transmutations
  6739 | D:5      | Reached XP level 7. HP: 18/52 MP: 7/10
  6960 | D:5      | Found a staircase to the Ecumenical Temple.
  7445 | D:6      | Reached skill level 4 in Fighting
  7451 | D:6      | Reached ** piety under Okawaru
  7452 | D:6      | Reached skill level 3 in Poison Magic
  7822 | D:6      | Found an ancient bone altar of Kikubaaqudgha.
  7880 | D:6      | Found a stormy altar of Qazlal.
  7992 | D:6      | Reached skill level 3 in Stealth
  7992 | D:6      | Reached skill level 3 in Invocations
  7992 | D:6      | Reached XP level 8. HP: 61/61 MP: 7/11
  8173 | D:6      | Reached skill level 5 in Fighting
  8635 | D:7      | Reached skill level 4 in Invocations
  8635 | D:7      | Reached skill level 3 in Dodging
  8641 | D:7      | HP: 3/62 [poisoned by a scorpion]
  8883 | D:7      | Noticed a wyvern
  8914 | D:7      | Killed a wyvern
  8915 | D:7      | Reached skill level 4 in Dodging
  8930 | D:7      | Slain by a scorpion

Illustrated notes

Levels and vault maps discovered:
D:1:      sevenhm_arrival_forest_fort_small_3, layout_basic,
          dreamdust_ecumenical_altar_angels_and_demons
D:2:      layout_basic, hangedman_abyss_or_decor_stabs, corexii_hall_statues_i
D:3:      layout_rooms, old_standard_altar, nicolae_wu_jian_glorious_leap,
          fiery_altar_vehumet, hangedman_decor_push, minmay_fractal_squares_5
D:4:      layout_loops_ring, okawaru_gym_becter, nicolae_overflow_hidden_temple
D:5:      layout_loops_corners, minmay_temple_entry_glassed_door
D:6:      layout_basic, nicolae_kikubaaqudgha_miasma_corner,
          mainiacjoe_overflow_alcove_4, minmay_ogre_servants
D:7:      layout_rooms, mainiacjoe_overflow_24_doors,
          worldfamousw_hep_ancestral_shrine

Skill      XL: |  1  2  3  4  5  6  7  8 |
---------------+-------------------------+-----
Stealth        | 1 2 3 |  3.0
Invocations    | 1 2 3 4 |  4.0
Unarmed Combat | 4 5 |  5.8
Fighting       | 2 3 4 5 |  5.8
Transmutations | 3 6 |  6.0
Poison Magic   | 1 2 3 |  3.0
Dodging        | 4 |  4.4
Spellcasting   | |  2.0

Action                   |  1- 3 |  4- 6 |  7- 9 || total
-------------------------+-------+-------+-------++-------
Melee: Unarmed           |   120 |   193 |   101 ||   414
       Headbutt          |    11 |    14 |       ||    25
       Punch             |     2 |     3 |     1 ||     6
Throw: Boomerang         |    11 |       |       ||    11
       Dart              |       |       |     3 ||     3
 Cast: Beastly Appendage |    27 |    28 |     1 ||    56
       Spider Form       |       |     6 |    10 ||    16
Invok: Heroism           |     4 |     4 |     2 ||    10
Evoke: Wand              |       |       |     1 ||     1
  Use: Scroll            |       |     3 |     3 ||     6
       Potion            |       |       |     2 ||     2
 Stab: Distracted        |     2 |       |       ||     2
       Sleeping          |     2 |     3 |       ||     5
Armor: Robe              |    20 |    10 |       ||    30
       Skin              |       |     5 |     7 ||    12
Dodge: Dodged            |    77 |    98 |    78 ||   253

Table legend: (Time is in decaauts)
 A = Elapsed time spent in this place.
 B = Non-inter-level travel time spent in this place.
 C = Inter-level travel time spent in this place.
 D = Time resting spent in this place.
 E = Time spent auto-exploring this place.
 F = Levels seen in this place.
 G = Mean time per level.
                   A        B        C        D        E       F      G
               +--------+--------+--------+--------+--------+-----+--------+
         Total |   8890 |   8586 |    304 |   1568 |   5715 |   7 | 1270.0 |
       Dungeon |   8890 |   8586 |    304 |   1568 |   5715 |   7 | 1270.0 |
               +--------+--------+--------+--------+--------+-----+--------+

Top non-repeatable levels by time:
     D:5: 1741 daAuts
     D:1: 1732 daAuts
     D:4: 1475 daAuts
     D:2: 1347 daAuts
     D:6: 1125 daAuts
     D:3: 1101 daAuts
     D:7: 365 daAuts
